 Dungeon Crawl Stone Soup version 0.30-a0-1176-gcdfb0321a8 (webtiles) character file.

Game seed: 7766115534139877078

69 CrazyBamboolord the Grave Robber (level 4, -3/32 HPs)
             Began as a Demonspawn Necromancer on Apr 30, 2023.
             Slain by an ice beast (14 damage)
             ... on level 3 of the Dungeon.
             The game lasted 00:05:03 (2830 turns).

CrazyBamboolord the Grave Robber (DsNe)             Turns: 2830, Time: 00:05:04

Health: -3/32      AC:  3    Str:  8    XL:     4   Next: 2%
Magic:  1/8        EV: 12    Int: 18    God:
Gold:   153        SH:  0    Dex: 14    Spells: 4/8 levels left

rFire   . . .        (no weapon)
rCold   . . .        (no shield)
rNeg    . . .        a - +0 robe
rPois   .            (no helmet)
rElec   .            g - +0 cloak
rCorr   .            (no gloves)
SInv    .            (no boots)
Will    .....        (no amulet)
Stlth   ++           (no ring)
HPRegen 0.25/turn    (no ring)
MPRegen 0.11/turn

%: no passive effects
@: no status effects
A: foul stench 1, sturdy frame 1
a: no special abilities


You were on level 3 of the Dungeon.
You visited 1 branch of the dungeon, and saw 3 of its levels.

You collected 153 gold pieces.

Inventory:

Armour
 a - a +0 robe (worn)
 g - a +0 cloak (worn)
Scrolls
 e - 2 scrolls of poison
 f - a scroll of blinking {unknown}
 i - a scroll of acquirement {unknown}
 l - a scroll of fear {unknown}
 m - a scroll of teleportation {unknown}
 n - a scroll of enchant armour {unknown}
 o - 2 scrolls of amnesia {unknown}
Potions
 b - a potion of magic
 c - a potion of flight
 d - a potion of curing {unknown}
 h - a potion of might {unknown}
 j - a potion of mutation {unknown}
 k - a potion of resistance {unknown}


   Skills:
 * Level 1.1 Fighting
 * Level 2.1 Dodging
 + Level 2.1 Stealth
 * Level 2.7 Spellcasting
 * Level 5.0 Necromancy


You had 4 spell levels left.
You knew the following spells:

 Your Spells              Type           Power      Damage    Failure   Level
a - Necrotise             Necr           80%        1d8       2%          1
b - Vampiric Draining     Necr           20%        2d7       6%          3

Your spell library contained the following spells:

 Spells                   Type           Power      Damage    Failure   Level
 Summon Small Mammal      Summ           8%         N/A       17%         1
 Animate Dead             Necr           20%        N/A       22%         4
 Call Canine Familiar     Summ           2%         N/A       45%         3
 Summon Guardian Golem    Hex/Summ       2%         N/A       45%         3
 Agony                    Necr           20%        N/A       52%         5


Dungeon Overview and Level Annotations

Branches:
Dungeon (3/15)

Altars:


Innate Abilities, Weirdness & Mutations

You may rarely emit foul miasma when damaged in melee.
Your movements are slightly less encumbered by armour. (ER -2)


Message History

The ice beast barely misses you.
Your ball python skeleton barely misses the ice beast.
Aiming: Necrotise (safe; 2% risk of failure)
Press: ? - help, Q - select action, (/) - cycle Shift-Dir - straight line, f/p - ice beast
Aim: an ice beast (severely wounded, ally target, chance to affect: 78%)
The ice beast writhes in agony.
The ice beast hits you. The ice beast freezes you!
Your ball python skeleton bites the ice beast but does no damage.
You hit the ice beast but do no damage.
The ice beast is almost dead.
The ice beast barely misses you.
Your ball python skeleton bites the ice beast but does no damage.
You closely miss the ice beast.
The ice beast is almost dead.
The ice beast barely misses you.
Your ball python skeleton barely misses the ice beast.
You hit the ice beast but do no damage.
The ice beast is almost dead.
The ice beast barely misses you.
Your ball python skeleton bites the ice beast but does no damage.
You closely miss the ice beast.
The ice beast is almost dead.
The ice beast hits you but does no damage.
Your ball python skeleton closely misses the ice beast.
You hit the ice beast.
The ice beast is almost dead.
The ice beast closely misses you.
Your ball python skeleton barely misses the ice beast.
You barely miss the ice beast.
The ice beast is almost dead.
The ice beast barely misses you.
Your ball python skeleton closely misses the ice beast.
You hit the ice beast but do no damage.
The ice beast is almost dead.
Your ball python skeleton crumbles into dust!
The ice beast hits you. The ice beast freezes you!
You closely miss the ice beast.
The ice beast is almost dead.
The ice beast hits you. The ice beast freezes you!
You die...

#...# #.# ##+#####...
... ..........# #.#
..........## #.#
...........# #.#
.....).....## #.#
####........###.########
........................
......Y@.)..###..##.....
............# #...+.....
......?.....# ###.#.....
............# #.#.....
............# #.......
....#####.#.# ##......
.... #+#.### #...... ...
...... ##.....
....##.(>..


You could see an ice beast.

Vanquished Creatures
  2 adders
  A worm (D:2)
  An orc (D:3)
  7 ball pythons
  An endoplasm (D:1)
  A giant cockroach (D:3)
  3 goblins
  6 hobgoblins
  2 jackals (D:3)
  3 kobolds
  2 quokkas
  6 bats
  3 frilled lizards
  5 rats
43 creatures vanquished.

Vanquished Creatures (collateral kills)
  A goblin (D:3)
  A ball python (D:1)
  A kobold (D:3)
  A rat (D:1)
4 creatures vanquished.

Grand Total: 47 creatures vanquished

Notes
Turn   | Place    | Note
-------+----------+-------------------------------------------
     0 | D:1      | CrazyBamboolord the Demonspawn Necromancer began the quest
                  | for the Orb.
     0 | D:1      | Reached XP level 1. HP: 13/13 MP: 3/3
   252 | D:1      | Gained mutation: You may rarely emit foul miasma when
                  | damaged in melee. [demonic ancestry]
   252 | D:1      | Reached XP level 2. HP: 19/19 MP: 0/5
  1838 | D:2      | Reached XP level 3. HP: 6/24 MP: 0/6
  1842 | D:2      | Learned a level 3 spell: Vampiric Draining
  2573 | D:3      | Reached skill level 5 in Necromancy
  2684 | D:3      | Reached skill level 1 in Fighting
  2809 | D:3      | Gained mutation: Your movements are slightly less
                  | encumbered by armour. (ER -2) [demonic ancestry]
  2809 | D:3      | Reached XP level 4. HP: 32/32 MP: 4/8
  2813 | D:3      | Noticed an ice beast
  2830 | D:3      | Slain by an ice beast

Illustrated notes

Levels and vault maps discovered:
D:1:      lightli_arrival_lavapool, layout_basic
D:2:      layout_loops_corners
D:3:      layout_basic, serial_shops, shop, minmay_distorted

Skill      XL: |  1  2  3 |
---------------+----------+-----
Stealth        | 2 |  2.1
Dodging        | 2 |  2.1
Necromancy     | 5 |  5.0
Fighting       | 1 |  1.1
Spellcasting   | |  2.7

Action                     |  1- 3 |  4- 6 || total
---------------------------+-------+-------++-------
  Melee: Unarmed           |    41 |     8 ||    49
         Punch             |     2 |       ||     2
   Cast: Necrotise         |   101 |     6 ||   107
    Use: Scroll            |     2 |       ||     2
 Armour: Robe              |    13 |     1 ||    14
  Dodge: Dodged            |    45 |     7 ||    52

Table legend: (Time is in decaauts)
 A = Elapsed time spent in this place.
 B = Non-inter-level travel time spent in this place.
 C = Inter-level travel time spent in this place.
 D = Time resting spent in this place.
 E = Time spent auto-exploring this place.
 F = Levels seen in this place.
 G = Mean time per level.
                   A        B        C        D        E       F      G
               +--------+--------+--------+--------+--------+-----+--------+
         Total |   2829 |   2746 |     83 |    175 |   2104 |   3 |  943.0 |
       Dungeon |   2829 |   2746 |     83 |    175 |   2104 |   3 |  943.0 |
               +--------+--------+--------+--------+--------+-----+--------+

Top non-repeatable levels by time:
     D:1: 1330 daAuts
     D:2: 1239 daAuts
     D:3: 259 daAuts
